 Dungeon Crawl Stone Soup version 0.27-a0-906-g0a00ce863d (webtiles) character file.

Game seed: 6767517897587090024

32 voltaire321 the Shield-Bearer (level 3, -2/33 HPs)
             Began as a Minotaur Fighter on Apr 7, 2021.
             Slain by Sigmund
             ... wielding a +0 scythe
              (3 damage)
             ... on level 2 of the Dungeon.
             The game lasted 00:01:34 (737 turns).

voltaire321 the Shield-Bearer (Minotaur Fighter)     Turns: 737, Time: 00:01:35

Health: -2/33      AC:  7    Str: 20    XL:     3   Next: 10%
Magic:  2/2        EV:  7    Int:  6    God:
Gold:   8          SH:  9    Dex:  9    Spells: 2/2 levels left

rFire    . . .     SeeInvis .   a - +0 war axe
rCold    . . .     Faith    .   c - +0 kite shield
rNeg     . . .     Spirit   .   b - +0 scale mail
rPois    .         Reflect  .   (helmet restricted)
rElec    .         Harm     .   (no cloak)
rCorr    .         Rampage  .   (no gloves)
Will     .....                  (no boots)
Stlth    ..........             (no amulet)
HPRegen  0.11/turn              (no ring)
MPRegen  0.08/turn              (no ring)

@: lethally poisoned (-2 -> -6)
A: horns 2, retaliatory headbutt
a: no special abilities


You were on level 2 of the Dungeon.
You visited 1 branch of the dungeon, and saw 2 of its levels.

You collected 8 gold pieces.

Inventory:

Hand Weapons
 a - a +0 war axe (weapon)
Armour
 b - a +0 scale mail (worn)
 c - a +0 kite shield (worn)
Jewellery
 e - a ring of protection from cold
Scrolls
 g - a scroll of vulnerability {unknown}
Potions
 d - 2 potions of might
 f - a potion of magic {unknown}
 h - a potion of berserk rage {unknown}


   Skills:
 + Level 4.0 Fighting
 + Level 2.9 Axes
 + Level 4.0 Armour
 + Level 1.1 Dodging
 + Level 4.0 Shields


You had 2 spell levels left.
You didn't know any spells.
Your spell library was empty.

Dungeon Overview and Level Annotations

Branches:
Dungeon (2/15)

Altars:

Annotations:
D:2 Sigmund


Innate Abilities, Weirdness & Mutations

You have a pair of horns on your head.
You reflexively headbutt those who attack you in melee.


Message History

Sigmund drinks a potion.
Sigmund seems to grow stronger.
An adder comes into view.
Your Fighting skill increases to level 4!
You barely miss the jackal.
The adder hisses angrily.
You headbutt the jackal.
You kill the jackal!
Sigmund hits you from afar with a +0 scythe.
You block Sigmund's attack. Sigmund hits you with a +0 scythe!
Found an escape hatch in the ceiling.
Things that are here:
a jackal corpse; a ball python corpse You barely miss Sigmund.
You block Sigmund's attack. The adder barely misses you.
You furiously retaliate!
You headbutt the adder, but do no damage.
Sigmund barely misses you.
You completely miss Sigmund. You headbutt Sigmund.
Sigmund is lightly wounded.
You closely miss the adder. The adder bites you but does no damage.
You block Sigmund's attack. The adder bites you but does no damage.
You closely miss Sigmund. Your headbutt misses Sigmund.
Sigmund is lightly wounded.
You hit the adder but do no damage. The adder bites you.
* * * LOW HITPOINT WARNING * * *
You are poisoned.
The adder poisons you!
Sigmund's eyes start glowing with a red light.
Sigmund barely misses you. The adder bites you.
* * * LOW HITPOINT WARNING * * *
Sigmund gestures at himself while chanting.
Sigmund flickers and vanishes!
Deactivating autopickup; reactivate with Ctrl-A.
Your shield prevents you from hitting something.
You barely miss the adder.
* * * LOW HITPOINT WARNING * * *
You feel sick. The adder bites you.
* * * LOW HITPOINT WARNING * * *
Something hits you.
You die...

#<.. #.#
.......#.# #
####..#...#.#
<.#.........#.#
#.......#...#.#
#...#.#...#.#
#.#...S{#...#.#
#.....†@)...#<#
#.......†..)#.#
#.#.#.......#.#
#.........#.#
###.....#...#
#.....#####
#.....# #####.#
...


You could see an adder.

Vanquished Creatures
  A worm (D:2)
  2 ball pythons
  5 bats
  2 endoplasms (D:1)
  A giant cockroach (D:1)
  2 goblins
  A hobgoblin (D:1)
  4 jackals (D:2)
  2 quokkas (D:1)
  2 frilled lizards (D:1)
  A kobold (D:1)
  3 rats
26 creatures vanquished.

Notes
Turn   | Place    | Note
-------+----------+-------------------------------------------
     0 | D:1      | voltaire321 the Minotaur Fighter began the quest for the
                  | Orb.
     0 | D:1      | Reached XP level 1. HP: 19/19 MP: 0/0
    65 | D:1      | Found a faded altar of an unknown god.
   245 | D:1      | Reached XP level 2. HP: 26/27 MP: 1/1
   718 | D:2      | Reached skill level 1 in Dodging
   727 | D:2      | Noticed Sigmund
   731 | D:2      | Reached XP level 3. HP: 29/33 MP: 2/2
   737 | D:2      | HP: 1/33 [adder (4)]
   737 | D:2      | Slain by Sigmund

Illustrated notes

Levels and vault maps discovered:
D:1:      shiori_arrival_maze, layout_loops_ring, shapermc_ecumenical_altar_venn
D:2:      layout_basic, uniq_crazy_yiuf_cottage, uniq_sigmund

Skill      XL: |  1  2  3 |
---------------+----------+-----
Dodging        | 1 |  1.1
Shields        | 4 |  4.0
Armour         | 4 |  4.0
Fighting       | 4 |  4.0
Axes           | |  2.9

Action                   || total
-------------------------++-------
Melee: War axe           ||    46
       Headbutt          ||     8
Armor: Scale mail        ||    26
Dodge: Dodged            ||    20
Block: Kite shield       ||    29

Table legend: (Time is in decaauts)
 A = Elapsed time spent in this place.
 B = Non-inter-level travel time spent in this place.
 C = Inter-level travel time spent in this place.
 D = Time resting spent in this place.
 E = Time spent auto-exploring this place.
 F = Levels seen in this place.
 G = Mean time per level.
                   A        B        C        D        E       F      G
               +--------+--------+--------+--------+--------+-----+--------+
         Total |    763 |    763 |      0 |      0 |    592 |   2 |  381.5 |
       Dungeon |    763 |    763 |      0 |      0 |    592 |   2 |  381.5 |
               +--------+--------+--------+--------+--------+-----+--------+

Top non-repeatable levels by time:
     D:1: 724 daAuts
     D:2: 38 daAuts
